 Dungeon Crawl Stone Soup version 0.32-a0-306-gfed3edf829 (webtiles) character file.

Game seed: 5880608050396395699

221 Strat the Ruffian (level 5, -2/40 HPs)
             Began as a Draconian Shapeshifter on Feb 14, 2024.
             Succumbed to an orc's poison
             ... on level 4 of the Dungeon.
             The game lasted 00:04:56 (2550 turns).

Strat the Ruffian (Draconian Shapeshifter)          Turns: 2550, Time: 00:04:57

Health: -2/40      AC:  5    Str: 16    XL:     5   Next: 65%
Magic:  5/5        EV: 12    Int: 11    God:
Gold:   208        SH:  0    Dex: 12    Spells: 4/4 levels left

rFire   . .          .
                       - Unarmed
rCold   . . .        (no shield)
rNeg    . . .        (body armour unavailable)
rPois   .            (helmet currently unavailable)
rElec   .            (cloak currently unavailable)
rCorr   .            (gloves currently unavailable)
SInv    .            (boots currently unavailable)
Will    .....        (no amulet)
Stlth   +            (no ring)
HPRegen 0.26/turn    (no ring)
MPRegen 0.09/turn

%: no passive effects
@: lethally poisoned (-2 -> -22), beast-form
A: beast (slay +2), AC +5, unfitting armour, cold-blooded
a: Begin Untransformation


You were on level 4 of the Dungeon.
You were a hulking beast.
You visited 1 branch of the dungeon, and saw 4 of its levels.

You collected 208 gold pieces.

Inventory:

Jewellery
 g - an amulet of faith
Talismans
 b - a beast talisman (active)
 c - a flux talisman
Wands
 m - a wand of mindburst (17)
Scrolls
 d - 4 scrolls of fear
Potions
 a - a potion of lignification
 e - a potion of curing {unknown}
 f - a potion of heal wounds {unknown}
 h - a potion of attraction {unknown}
 j - a potion of brilliance {unknown}
 k - 2 potions of might
 n - a potion of invisibility {unknown}


   Skills:
 - Level 1.1 Fighting
 - Level 1.7 Dodging
 * Level 5.5 Unarmed Combat
 + Level 4.2 Shapeshifting


You had 4 spell levels left.
You didn't know any spells.
Your spell library contained the following spells:

 Spells                   Type           Power      Damage    Failure   Level
 Fugue of the Fallen      Necr           0%         N/A       71%         3
 Ozocubu's Armour         Ice            0%         N/A       71%         3
 Tukima's Dance           Hex            0%         N/A       71%         3
 Manifold Assault         Tloc           0%         N/A       98%         4
 Passage of Golubria      Tloc           0%         N/A       98%         4
 Yara's Violent Unravell  Hex/Alch       0%         3d3       100%        5


Dungeon Overview and Level Annotations

Branches:
Dungeon (4/15)
 Temple: D:4-7

Altars:
Sif Muna

Annotations:
D:4 Sigmund


Innate Abilities, Weirdness & Mutations

You are a hulking beast.
Your limbs bulge with bestial killing power. (Slay +2)
Your plain brown scales are hard. (AC +5)
You cannot fit into any form of body armour.
You are cold-blooded and may be slowed by cold attacks.


Message History

You closely miss the adder.
The adder is almost dead.
You feel sick.
You are no longer poisoned.
The adder bites you.
* * * LOW HITPOINT WARNING * * *
You are poisoned.
The adder poisons you!
The orc hits you with a +1 dagger of venom.
* * * LOW HITPOINT WARNING * * *
You are more poisoned.
You hit the adder.
The adder is almost dead.
You feel very sick. The adder bites you but does no damage.
The orc hits you with a +1 dagger of venom.
* * * LOW HITPOINT WARNING * * *
You are lethally poisoned!
You miss the adder.
Your tail-slap misses the adder.
The adder is almost dead.
* * * LOW HITPOINT WARNING * * *
You feel very sick. The adder bites you.
* * * LOW HITPOINT WARNING * * *
The orc barely misses you.
You closely miss the adder. You punch the adder, but do no damage.
The adder is almost dead.
* * * LOW HITPOINT WARNING * * *
You feel very sick. The adder barely misses you.
You hit the adder.
You kill the adder!
* * * LOW HITPOINT WARNING * * *
You feel very sick.
The orc hits you with a +1 dagger of venom.
* * * LOW HITPOINT WARNING * * *
You are more poisoned.
You punch the orc!
You kill the orc!
You die...

################
################
##########################
########...#..#....##.#..# ***
#######....o)............# ,,**
#######....h#............# ,,,*
#######.....#............# ,,,*
#######<....#............# ,,,*
#######....†#o...........# ,,,*
#######.....#o...........#
,****#########..###..........##
****,..##..########....#######
,,,,,..+...$...o..#.....#
,,,,,.!#.o....S...#.....#


You could see an orc.

Vanquished Creatures
  A hound (D:4)
  Natasha (twice) (D:3)
  5 adders
  3 dart slugs
  3 orcs
  6 endoplasms
  A giant cockroach (D:1)
  4 goblins
  4 hobgoblins
  3 quokkas
  6 ball pythons
  4 bats
  2 frilled lizards
  7 kobolds
  5 rats
56 creatures vanquished.

Notes
Turn   | Place    | Note
-------+----------+-------------------------------------------
     0 | D:1      | Strat the Draconian Shapeshifter began the quest for the
                  | Orb.
     0 | D:1      | Reached XP level 1. HP: 16/16 MP: 1/1
   345 | D:1      | Reached XP level 2. HP: 7/23 MP: 2/2
   346 | D:1      | HP: 1/23 [endoplasm (2)]
   877 | D:2      | Reached XP level 3. HP: 25/28 MP: 3/3
   973 | D:2      | Reached skill level 4 in Unarmed Combat
  1219 | D:3      | Noticed Natasha
  1262 | D:3      | Reached XP level 4. HP: 35/35 MP: 4/4
  1668 | D:3      | Killed Natasha
  1707 | D:3      | Noticed Natasha
  1811 | D:3      | Killed Natasha
  1812 | D:3      | Reached skill level 5 in Unarmed Combat
  1812 | D:3      | Reached XP level 5. HP: 5/40 MP: 5/5
  1965 | D:4      | Noticed Sigmund
  2171 | D:4      | Found a shimmering blue altar of Sif Muna.
  2549 | D:4      | HP: 2/40 [orc/+1 dagger of venom (2)]
  2550 | D:4      | Succumbed to an orc's poison

Illustrated notes

Levels and vault maps discovered:
D:1:      sevenhm_arrival_forest_fort_small_6, layout_loops_cross,
          minmay_fountain_box, grunt_decor_mini_mirrors
D:2:      layout_basic
D:3:      layout_rooms, uniq_natasha
D:4:      layout_gridville, overflow_temple_1_default, uniq_sigmund

Skill      XL: |  1  2  3  4 |
---------------+-------------+-----
Unarmed Combat | 4 5 |  5.5
Shapeshifting  | 4 |  4.2
Fighting       | |  1.1
Dodging        | |  1.7

Action                     |  1- 3 |  4- 6 || total
---------------------------+-------+-------++-------
  Melee: Unarmed           |    90 |    86 ||   176
         Tailslap          |     7 |    10 ||    17
         Punch             |     1 |     2 ||     3
    Use: Potion            |       |     1 ||     1
         Scroll            |       |     4 ||     4
   Stab: Sleeping          |     2 |     2 ||     4
 Armour: Skin              |    51 |    60 ||   111
  Dodge: Dodged            |    53 |    57 ||   110

Table legend: (Time is in decaauts)
 A = Elapsed time spent in this place.
 B = Non-inter-level travel time spent in this place.
 C = Inter-level travel time spent in this place.
 D = Time resting spent in this place.
 E = Time spent auto-exploring this place.
 F = Levels seen in this place.
 G = Mean time per level.
                   A        B        C        D        E       F      G
               +--------+--------+--------+--------+--------+-----+--------+
         Total |   2585 |   2483 |    102 |    634 |   1256 |   4 |  646.2 |
       Dungeon |   2585 |   2483 |    102 |    634 |   1256 |   4 |  646.2 |
               +--------+--------+--------+--------+--------+-----+--------+

Top non-repeatable levels by time:
     D:3: 833 daAuts
     D:1: 789 daAuts
     D:2: 535 daAuts
     D:4: 427 daAuts
